 Dungeon Crawl Stone Soup version 0.25.1-2-g60ff931df9 (webtiles) character file.

Game seed: 7481873857919009839

148 ILYA101 the Chopper (level 5, -4/46 HPs)
             Began as a Hill Orc Fighter on Aug 23, 2020.
             Slain by a gnoll
             ... wielding a +2 whip of electrocution
              (12 damage)
             ... on level 3 of the Dungeon.
             The game lasted 00:08:02 (1849 turns).

ILYA101 the Chopper (Hill Orc Fighter)              Turns: 1849, Time: 00:08:03

Health: -4/46      AC:  7    Str: 20    XL:     5   Next: 30%
Magic:  5/5        EV:  7    Int:  8    God:
Gold:   88         SH:  9    Dex: 10    Spells: 4/4 levels left

rFire    . . .     SeeInvis +   a - +0 war axe
rCold    . . .     Gourm    .   c - +0 kite shield
rNeg     . . .     Faith    .   b - +0 scale mail
rPois    .         Spirit   .   (no helmet)
rElec    .         Reflect  .   (no cloak)
rCorr    .         Harm     .   (no gloves)
MR       .....                  (no boots)
Stlth    ..........             (no amulet)
HPRegen  0.15/turn              r - ring of see invisible
MPRegen  0.09/turn              (no ring)

@: no status effects
A: no striking features
a: no special abilities


You were on level 3 of the Dungeon.
You were not hungry.

You visited 1 branch of the dungeon, and saw 3 of its levels.

You collected 88 gold pieces.

Inventory:

Hand Weapons
 a - a +0 war axe (weapon)
Armour
 b - a +0 scale mail (worn)
 c - a +0 kite shield (worn)
Jewellery
 r - a ring of see invisible (left hand)
Scrolls
 e - a scroll of fog {unknown}
 h - a scroll of remove curse
 k - 2 scrolls of teleportation
 l - a scroll of blinking {unknown}
 n - 2 scrolls of enchant armour {unknown}
 q - a scroll of enchant weapon {unknown}
 s - 2 scrolls of immolation {unknown}
Potions
 d - a potion of might
 i - 3 potions of heal wounds {unknown}
 j - 2 potions of curing {unknown}
 m - a potion of mutation {unknown}
 o - a potion of degeneration {unknown}
 p - 2 potions of brilliance {unknown}
Comestibles
 f - 6 rations
 g - 3 chunks of flesh


   Skills:
 + Level 4.2 Fighting
 + Level 4.6 Axes
 + Level 4.2 Armour
 + Level 0.2 Dodging
 + Level 4.2 Shields


You had 4 spell levels left.
You didn't know any spells.
Your spell library was empty.

Dungeon Overview and Level Annotations

Branches:
Dungeon (3/15)

Altars:
Nemelex Xobeh
Ru
Trog
Xom

Annotations:
D:2 Sigmund


Message History

The gnoll hits you with a +0 spear.
The gnoll hits you with a +2 whip of electrocution.
You are electrocuted!
Unknown command.
You slice the gnoll!!
You kill the gnoll!
You barely miss the gnoll. The gnoll hits you but does no damage.
You block the gnoll's attack. The gnoll hits you but does no damage.
You slash the gnoll!
The gnoll is almost dead.
You closely miss the gnoll. You block the gnoll's attack. x2
The gnoll barely misses you.
You completely miss the gnoll.
The gnoll is almost dead.
You hit the gnoll. The gnoll hits you but does no damage.
You are electrocuted!
* * * LOW HITPOINT WARNING * * *
You block the gnoll's attack. The gnoll hits you but does no damage.
You are electrocuted!
You die...

#....#.#.# #.###
#....#<#.# #....
.##..#...#.#
#####
.'...#.#.#.#
..###.....#.#
..#####.#.#.#
...........#
############..###
......g@g....>#
.##.....))..###
#..[......#
#.........#
#.........#
#.........#
.'.........#
##...).....#


You could see 2 gnolls.

Vanquished Creatures
  A hound (D:3)
  4 gnolls
  An adder (D:3)
  3 oozes
  A worm (D:2)
  A dart slug (D:2)
  An orc (D:3)
  5 bats
  4 giant cockroaches
  6 goblins
  8 hobgoblins
  5 quokkas
  A frilled lizard (D:1)
  5 kobolds
  4 rats
50 creatures vanquished.

Notes
Turn   | Place    | Note
-------+----------+-------------------------------------------
     0 | D:1      | ILYA101 the Hill Orc Fighter began the quest for the Orb.
     0 | D:1      | Reached XP level 1. HP: 19/19 MP: 1/1
    40 | D:1      | Reached XP level 2. HP: 14/26 MP: 2/2
   280 | D:1      | Found a shimmering altar of Xom.
   505 | D:1      | Reached XP level 3. HP: 33/33 MP: 3/3
  1044 | D:2      | Found a sparkling altar of Nemelex Xobeh.
  1060 | D:2      | Reached XP level 4. HP: 37/40 MP: 4/4
  1095 | D:2      | Noticed Sigmund
  1562 | D:3      | Found a bloodstained altar of Trog.
  1595 | D:3      | Found a sacrificial altar of Ru.
  1655 | D:3      | Reached XP level 5. HP: 28/46 MP: 5/5
  1849 | D:3      | Slain by a gnoll

Illustrated notes

Levels and vault maps discovered:
D:1:      moated_graveyard_arrival, layout_rooms, xom_teletrap_fun
D:2:      wad_woods_tower, layout_basic, nicolae_overflow_hidden_temple,
          uniq_sigmund
D:3:      layout_basic, overflow_temple_1_default, first_ration,
          nicolae_ru_awakened_eye

Skill      XL: |  1  2  3  4 |
---------------+-------------+-----
Axes           | 3 4 |  4.6
Armour         | 4 |  4.2
Fighting       | 4 |  4.2
Shields        | 4 |  4.2
Dodging        | |  0.2

Action                   |  1- 3 |  4- 6 || total
-------------------------+-------+-------++-------
Melee: War axe           |   113 |    59 ||   172
  Use: Scroll            |       |     4 ||     4
  Eat: Chunk             |     1 |     2 ||     3
Armor: Scale mail        |    51 |    30 ||    81
Dodge: Dodged            |    34 |    26 ||    60
Block: Kite shield       |    62 |    45 ||   107
